 Dungeon Crawl Stone Soup version 0.30-a0-219-gf2db51d15e (webtiles) character file.

Game seed: 2907267333968420592

9146 chippings the Prestidigitator (level 11, -3/89 HPs)
             Began as a Hill Orc Cinder Acolyte on Oct 7, 2022.
             Was a Priest of Ignis.
             Slain by a gargoyle
             ... wielding a +0 morningstar
              (21 damage)
             ... on level 10 of the Dungeon.
             The game lasted 00:39:10 (12737 turns).

chippings the Prestidigitator (HOCA)               Turns: 12737, Time: 00:39:10

Health: -3/89      AC: 14    Str: 26    XL:     11   Next: 41%
Magic:  4/12       EV: 11    Int: 16    God:    Ignis [***...]
Gold:   110        SH:  0    Dex:  6    Spells: 5/12 levels left

rFire   + . .      SeeInvis .    a - +0 hand axe (flame)
rCold   + . .      Faith    .    (no shield)
rNeg    . . .      Spirit   .    y - +1 robe of Puastreru {Will+ Str+6}
rPois   .          Reflect  .    r - +0 helmet
rElec   .          Harm     .    v - scarf {+Inv}
rCorr   .          Rampage  .    (no gloves)
Will    ++...                    g - +2 pair of boots
Stlth   +++.......               (no amulet)
HPRegen 0.34/turn                d - ring of protection from cold
MPRegen 0.13/turn                h - ring of willpower

@: mighty, fiery-armoured, invisible
A: no striking features
a: Renounce Religion, Evoke Invisibility, Fiery Armour, Foxfire Swarm


You were on level 10 of the Dungeon.
You worshipped Ignis.
Ignis was most pleased with you.
You visited 2 branches of the dungeon, and saw 11 of its levels.

You collected 741 gold pieces.
You spent 631 gold pieces at shops.

Inventory:

Hand Weapons
 a - a +0 hand axe of flaming (weapon)
 D - a +2 vorpal trident
Missiles
 l - a throwing net
 o - 3 atropa-tipped darts (quivered)
 q - 5 curare-tipped darts
Armour
 g - a +2 pair of boots (worn)
 i - a +2 robe of willpower
 r - a +0 helmet (worn)
 t - a +0 ring mail
 v - a scarf of invisibility (worn)
 y - the +1 robe of Puastreru (worn) {Will+ Str+6}
   (You found it on level 5 of the Dungeon)

   Str:       It affects your strength (+6).
   Will:      It increases your willpower.
 K - +0 swamp dragon scales
Jewellery
 d - a ring of protection from cold (left hand)
 h - a ring of willpower (right hand)
 n - a ring of protection from fire
 H - a +4 ring of evasion
Wands
 f - a wand of flame (1)
 C - a wand of light (3)
 J - a wand of polymorph (8)
Scrolls
 j - 4 scrolls of poison
 k - 4 scrolls of fear
 m - 2 scrolls of enchant armour
 p - a scroll of torment
 B - a scroll of teleportation
 E - 3 scrolls of vulnerability
 G - a scroll of blinking
 L - a scroll of enchant weapon
Potions
 b - 6 potions of curing
 c - 2 potions of attraction
 e - a potion of heal wounds
 s - 2 potions of resistance {unknown}
 u - 2 potions of might
 z - 2 potions of mutation
 A - a potion of flight
 F - a potion of lignification {unknown}
Miscellaneous
 w - a box of beasts (inert)


   Skills:
 - Level 6.0 Fighting
 + Level 9.5 Axes
 + Level 7.5 Stealth
 - Level 1.0 Spellcasting
 + Level 3.3 Conjurations
 + Level 7.1 Fire Magic
 + Level 11.6 Evocations


You had 5 spell levels left.
You knew the following spells:

 Your Spells              Type           Power      Damage    Failure   Level
a - Scorch                Fire           46%        2d7       1%          2
b - Fireball              Conj/Fire      8%         3d6       58%         5

Your spell library contained the following spells:

 Spells                   Type           Power      Damage    Failure   Level
 Momentum Strike          Conj/Tloc      12%        3d8       19%         2
 Apportation              Tloc           0%         N/A       22%         1
 Sandblast                Erth           0%         2d4       22%         1
 Slow                     Hex            0%         N/A       22%         1
 Blink                    Tloc           0%         N/A       34%         2
 Cigotuvi's Dreadful Rot  Necr/Pois/Air  0%         N/A       34%         2
 Passwall                 Tmut/Erth      0%         N/A       34%         2
 Stone Arrow              Conj/Erth      12%        3d7       34%         3
 Confusing Touch          Hex            0%         N/A       56%         3
 Lesser Beckoning         Tloc           0%         N/A       56%         3
 Summon Guardian Golem    Hex/Summ       0%         N/A       56%         3
 Vampiric Draining        Necr           0%         2d6       56%         3
 Iskenderun's Battlesphe  Conj           11%        2d7       86%         5
 Airstrike                Air            0%         2d(0-16)  92%         4
 Dispel Undead            Necr           0%         3d6       92%         4
 Leda's Liquefaction      Hex/Erth       0%         N/A       92%         4
 Summon Lightning Spire   Summ/Air       0%         N/A       92%         4
 Lightning Bolt           Conj/Air       3%         1d14      97%         5
 Alistair's Intoxication  Tmut/Pois      0%         N/A       99%         5
 Lee's Rapid Deconstruct  Erth           0%         3d5*      99%         5
 Conjure Ball Lightning   Conj/Air       3%         3x3d6     100%        6
 Death Channel            Necr           0%         N/A       100%        6
 Statue Form              Tmut/Erth      0%         N/A       100%        6
 Orb of Destruction       Conj           5%         9d5       100%        7
 Spellforged Servitor     Conj/Summ      3%         N/A       100%        7
 Discord                  Hex            0%         N/A       100%        8
 Disjunction              Tloc           0%         N/A       100%        8


Dungeon Overview and Level Annotations

Branches:
Dungeon (10/15)            Temple (1/1) D:5            Lair (0/5) D:9
    Orc: D:9-12

Altars:
Ashenzari
Cheibriados
Dithmenos
Elyvilon
Fedhas
Gozag
Hepliaklqana
Kikubaaqudgha
Makhleb
Nemelex Xobeh
Okawaru
Qazlal
Ru
Sif Muna
Trog
Uskayaw
Vehumet
Wu Jian
Xom
Yredelemnul
Zin
The Shining One

Shops:
D:8 [:!


Message History

You hit the gargoyle but do no damage.
Your magical contamination has completely faded away.
Aiming: Polymorph
Press: ? - help, Shift-Dir - straight line, f - gargoyle
Aim: a gargoyle, wielding a +0 morningstar (not susceptible)
Okay, then.
You feel much better. The gargoyle misses you.
You feel very mighty all of a sudden.
The gargoyle hurls a stone arrow at you.
The stone arrow misses you.
Okay, then.
Press: ? - help, v - describe, . - travel
Here: a gargoyle, wielding a +0 morningstar The floor.
Press: ? - help, v - describe, . - travel
Here: a gargoyle, wielding a +0 morningstar The floor.
You fade into invisibility!
The gargoyle closely misses you.
You hit the gargoyle but do no damage. The gargoyle closely misses you.
You hit the gargoyle but do no damage.
The gargoyle hurls a stone arrow at you.
The stone arrow hits you!
You hit the gargoyle but do no damage.
The gargoyle hurls a stone arrow at you.
The stone arrow hits you!!
You hit the gargoyle. You burn the gargoyle.
The gargoyle is lightly damaged.
The gargoyle hurls a stone arrow at you.
The stone arrow hits you!
* * * LOW HITPOINT WARNING * * *
You hit the gargoyle. You burn the gargoyle.
The gargoyle is moderately damaged.
You hit the gargoyle but do no damage.
The gargoyle is moderately damaged.
The gargoyle misses you.
You hit the gargoyle but do no damage.
The gargoyle is moderately damaged.
The gargoyle hits you with a +0 morningstar!!
You die...

.....#..................
........................
#.##....................
........................
..!............)........
...............<......#
#.............[......##
##.#..#.........9...#...
##.........)...@.......
#...#................#
o.............(........
#....##..>....#.........
##... #......###........
...o#.....#.# ##.....#.
# #.....#...# .#.....
..#.##.#...# .......
..## ......#


You could see a gargoyle (unable to see you).

Vanquished Creatures
  A two-headed ogre (D:8)
  Erica (D:8)
  The ghost of chamandro the Changer, a novice OpTm of Cheibriados (D:6)
  3 kobold demonologists
  Maggie (D:8)
  3 slime creatures (D:9)
  A vampire (D:6)
  3 yaks (D:8)
  A wyvern (D:9)
  Eustachio (D:6)
  A steam dragon (D:7)
  2 vampire mosquitoes (D:8)
  Menkaure (D:7)
  3 water moccasins
  2 ice beasts (D:7)
  A sky beast (D:6)
  4 orc warriors
  A black bear (D:6)
  A centaur (D:6)
  2 ogres (D:5)
  2 phantoms (D:6)
  A lemure (D:7)
  3 kobold brigands
  7 bullfrogs
  A gnoll sergeant (D:7)
  4 necrophages
  7 wights
  5 killer bees (D:7)
  2 howler monkeys
  5 hounds
  2 jellies
  7 orc priests
  A gnoll bouda (D:6)
  4 iguanas
  8 orc wizards
  18 gnolls
  4 adders
  2 white imps
  An ufetubus (D:5)
  A worm (D:5)
  A dart slug (D:1)
  35 orcs
  6 ball pythons
  8 bats
  6 endoplasms
  3 giant cockroaches
  11 goblins
  5 hobgoblins
  13 kobolds
  A quokka (D:1)
  A frilled lizard (D:3)
  3 rats
212 creatures vanquished.

Vanquished Creatures (collateral kills)
  Pikel (D:7)
1 creature vanquished.

Vanquished Creatures (others)
  An orc priest (D:5)
  An orc wizard (D:5)
  A gnoll (D:5)
  2 orcs (D:5)
  18 foxfires (D:9)
  8 plants (D:3)
  10 withered plants (D:3)
41 creatures vanquished.

Grand Total: 254 creatures vanquished

Notes
Turn   | Place    | Note
-------+----------+-------------------------------------------
     0 | D:1      | chippings the Hill Orc Cinder Acolyte began the quest for
                  | the Orb.
     0 | D:1      | Reached XP level 1. HP: 19/19 MP: 2/2
   148 | D:1      | Reached XP level 2. HP: 25/27 MP: 3/3
   490 | D:1      | Learned a level 2 spell: Scorch
   642 | D:2      | Reached XP level 3. HP: 27/33 MP: 1/4
  1324 | D:3      | Reached skill level 5 in Axes
  1324 | D:3      | Reached XP level 4. HP: 25/41 MP: 0/5
  1780 | D:3      | Reached XP level 5. HP: 19/47 MP: 0/6
  2063 | D:3      | Found a faded altar of an unknown god.
  2348 | D:4      | Reached skill level 5 in Fighting
  2977 | D:4      | Found a hazy altar of Hepliaklqana.
  3294 | D:4      | Found a hide-covered altar of Uskayaw.
  3303 | D:4      | Found a shimmering blue altar of Sif Muna.
  3310 | D:4      | Found a blossoming altar of Fedhas.
  3639 | D:5      | Entered Level 5 of the Dungeon
  3777 | D:5      | Noticed a water moccasin
  3786 | D:5      | Noticed an ogre
  3787 | D:5      | Killed a water moccasin
  3788 | D:5      | Reached skill level 5 in Fire Magic
  3788 | D:5      | Reached skill level 1 in Evocations
  3788 | D:5      | Reached XP level 6. HP: 56/56 MP: 0/7
  4046 | D:5      | Found a staircase to the Ecumenical Temple.
  4058 | Temple   | Entered the Ecumenical Temple
  4318 | D:5      | Reached skill level 2 in Evocations
  4318 | D:5      | Reached XP level 7. HP: 10/63 MP: 5/8
  4405 | D:5      | Identified the +1 robe of Puastreru {Will+ Str+6}
  4617 | D:5      | Found a radiant altar of Vehumet.
  4930 | D:5      | Reached skill level 3 in Evocations
  5104 | D:5      | Found a burning altar of Makhleb.
  5106 | D:5      | Found a sparkling altar of Nemelex Xobeh.
  5524 | D:5      | Reached skill level 4 in Evocations
  5713 | D:6      | Noticed a vampire
  5758 | D:5      | Reached skill level 5 in Evocations
  5758 | D:5      | Reached XP level 8. HP: 59/70 MP: 1/9
  5954 | D:5      | Reached skill level 6 in Evocations
  6193 | D:6      | Noticed Eustachio
  6204 | D:6      | Reached skill level 7 in Evocations
  6239 | D:6      | Killed Eustachio
  6240 | D:6      | Reached skill level 8 in Evocations
  6360 | D:6      | Killed a vampire
  6361 | D:6      | Reached skill level 1 in Stealth
  6361 | D:6      | Reached XP level 9. HP: 10/75 MP: 0/10
  6865 | D:6      | Reached skill level 9 in Evocations
  7291 | D:6      | Found a runed translucent gate.
  7292 | D:6      | Found a runed translucent gate.
  7293 | D:6      | Found a runed translucent gate.
  7294 | D:6      | Noticed chamandro's ghost (novice OpTm)
  7492 | D:6      | Killed chamandro's ghost
  7681 | D:7      | Found a sacrificial altar of Ru.
  7927 | D:7      | Reached skill level 10 in Evocations
  7933 | D:7      | Reached skill level 5 in Stealth
  8219 | D:7      | Noticed Menkaure
  8226 | D:7      | Killed Menkaure
  8227 | D:7      | Reached XP level 10. HP: 75/80 MP: 8/11
  8764 | D:7      | Noticed Pikel
  8944 | D:7      | Killed Pikel
  9616 | D:8      | Noticed Erica
  9635 | D:8      | Killed Erica
  9872 | D:8      | Reached skill level 11 in Evocations
 10046 | D:8      | Found Efigout's Book Boutique.
 10073 | D:8      | Found Magemmy's Antique Armour Boutique.
 10075 | D:8      | Bought a book of the Spheres for 540 gold pieces
 10082 | D:8      | Learned a level 5 spell: Fireball
 10381 | D:8      | Noticed a two-headed ogre
 10415 | D:8      | Killed a two-headed ogre
 10416 | D:8      | Reached skill level 1 in Conjurations
 10456 | D:8      | Reached XP level 11. HP: 30/89 MP: 5/12
 10644 | D:8      | Noticed Maggie
 10657 | D:8      | Killed Maggie
 10766 | D:8      | Found Kiast's Distillery.
 10769 | D:8      | Bought a potion of curing for 39 gold pieces
 10769 | D:8      | Bought a potion of might for 52 gold pieces
 12018 | D:9      | Found a staircase to the Lair.
 12071 | D:9      | Found a glowing golden altar of the Shining One.
 12290 | D:10     | Entered Level 10 of the Dungeon
 12582 | D:9      | Noticed a sun demon
 12737 | D:10     | Slain by a gargoyle

Illustrated notes

Levels and vault maps discovered:
D:1:      heliophobic_arrival_enchanted_forest, layout_rooms
D:2:      layout_basic
D:3:      layout_basic, shapermc_ecumenical_altar_flowoftime
D:4:      layout_layer_cave, nicolae_overflow_crystal_walls,
          grunt_temple_overflow_diamond, minmay_checkerbox
D:5:      layout_basic, fiery_altar_vehumet, jmf_multi_god_temple,
          minmay_temple_entry_glass
D:6:      cheibrodos_fzero, layout_loops_ring, ebering_ghost_rock_garden,
          nicolae_ossuary_entry_false_entrances, uniq_eustachio
D:7:      layout_loops_cross, amcnicky_altar_gilded, uniq_pikel, uniq_menkaure
D:8:      layout_basic, serial_shops, shop, nicolae_shop_hallway_plus, shop,
          uniq_erica, uniq_maggie
D:9:      layout_loops_cross, mainiacjoe_overflow_catwalk, lair_entry_dummy,
          evilmike_minifort
D:10:     layout_cross
Temple:   oiseaux_autumnal_temple

Skill      XL: |  1  2  3  4  5  6  7  8  9 10 11 |
---------------+----------------------------------+-----
Fighting       | 4 5 6 |  6.0
Axes           | 5 6 8 9 |  9.5
Fire Magic     | 4 5 6 7 |  7.1
Evocations     | 1 2 5 8 10 11 | 11.6
Stealth        | 1 5 7 |  7.5
Conjurations   | 1 3 |  3.3
Spellcasting   | |  1.0

Action                   |  1- 3 |  4- 6 |  7- 9 | 10-12 || total
-------------------------+-------+-------+-------+-------++-------
Melee: Hand axe          |    79 |    92 |   237 |   189 ||   597
       Punch             |       |       |     2 |     3 ||     5
 Cast: Scorch            |    11 |    26 |    91 |    96 ||   224
Invok: Fiery Armour      |       |       |     3 |     3 ||     6
       Rising Flame      |       |       |     1 |       ||     1
       Foxfire Swarm     |       |       |       |     1 ||     1
 Abil: Evoke Invisibilit |       |       |       |     5 ||     5
Evoke: Box of beasts     |       |     1 |     1 |     1 ||     3
       Wand              |       |       |       |    22 ||    22
  Use: Potion            |       |     2 |     2 |     3 ||     7
       Scroll            |       |     7 |     8 |     7 ||    22
 Stab: Sleeping          |       |       |     1 |     3 ||     4
       Invisible         |       |       |       |     7 ||     7
Armor: Robe              |    18 |    25 |   124 |    61 ||   228
Dodge: Dodged            |    49 |    62 |   187 |   139 ||   437

Table legend: (Time is in decaauts)
 A = Elapsed time spent in this place.
 B = Non-inter-level travel time spent in this place.
 C = Inter-level travel time spent in this place.
 D = Time resting spent in this place.
 E = Time spent auto-exploring this place.
 F = Levels seen in this place.
 G = Mean time per level.
                   A        B        C        D        E       F      G
               +--------+--------+--------+--------+--------+-----+--------+
         Total |  12751 |  12294 |    457 |   1042 |   7928 |  11 | 1159.2 |
       Dungeon |  12505 |  12071 |    434 |   1042 |   7928 |  10 | 1250.5 |
        Temple |    246 |    223 |     23 |      0 |      0 |   1 |  246.0 |
               +--------+--------+--------+--------+--------+-----+--------+

Top non-repeatable levels by time:
     D:6: 2035 daAuts
     D:5: 1884 daAuts
     D:8: 1727 daAuts
     D:7: 1591 daAuts
     D:4: 1591 daAuts
     D:9: 1335 daAuts
     D:3: 885 daAuts
     D:2: 826 daAuts
     D:1: 541 daAuts
  Temple: 246 daAuts
    D:10: 86 daAuts
